 Dungeon Crawl Stone Soup version 0.28.0-53-g5a82cb258f (webtiles) character file.

Game seed: 6186217906120451382

11676 unlimited1921 the Thaumaturge (level 12, -3/74 HPs)
             Began as a Djinni Fire Elementalist on Aug 7, 2022.
             Was a Priest of Qazlal.
             Shot with an arrow by a centaur (12 damage)
             ... on level 11 of the Dungeon.
             The game lasted 01:16:40 (12687 turns).

unlimited1921 the Thaumaturge (DjFE)               Turns: 12687, Time: 01:16:41

Health: -3/74      AC:  7    Str:  7    XL:     12   Next: 10%
Gold:   717        EV: 16    Int: 31    God:    Qazlal [***...] SH:  3 Dex: 13

rFire   + + +      SeeInvis .   o - +6 flail of Tension {vorpal, rPois rF++ Dex-2 Stlth+}
rCold   x . .      Faith    .   (no shield)
rNeg    . . .      Spirit   .   S - +0 troll leather armour
rPois   ∞          Reflect  .   g - +0 helmet
rElec   .          Harm     .   (no cloak)
rCorr   .          Rampage  +   H - +0 pair of gloves of the Teacher {Rampage rF- MP+9 Int+4}
Will    +....                   (boots unavailable)
Stlth   ++........              h - amulet of regeneration
HPRegen 1.82/turn               n - +6 ring of intelligence
MPRegen 0.00/turn               L - +4 ring of evasion

@: flying, studying Armour
A: sickness immunity, fire resistance 2, cold vulnerability 1, float, innate
caster, HP casting, extra vitality 1
a: Renounce Religion, Upheaval, Elemental Force


You were on level 11 of the Dungeon.
You worshipped Qazlal.
Qazlal was most pleased with you.
You visited 2 branches of the dungeon, and saw 12 of its levels.
You also visited: Sewer.

You collected 717 gold pieces.

Inventory:

Hand Weapons
 o - the +6 flail of Tension (weapon) {vorpal, rPois rF++ Dex-2 Stlth+}
   (You took it off a goblin on level 2 of the Dungeon)

   It inflicts extra damage upon your enemies.
   Dex:       It affects your dexterity (-2).
   rF:        It greatly protects you from fire.
   rPois:     It protects you from poison.
   Stlth:     It makes you more stealthy.
 p - a +0 trident
 w - a +2 hand axe of freezing
 x - a +3 mace of protection
 y - a +2 hand axe of flaming
 A - a +0 hand crossbow
 J - a +0 hand axe of electrocution
 M - a +3 halberd of freezing
 O - a +6 scimitar of freezing
 R - a +1 whip of venom
Missiles
 j - 243 stones
 q - a throwing net
 v - 35 poisoned darts
 B - 46 bolts
 G - 3 boomerangs of dispersal
 P - 3 curare-tipped darts
 T - 6 silver boomerangs (quivered)
Armour
 g - a +0 helmet (worn)
 H - the +0 pair of gloves of the Teacher (worn) {Rampage rF- MP+9 Int+4}
   (You found it on level 5 of the Dungeon)

   Int:       It affects your intelligence (+4).
   rF:        It makes you vulnerable to fire.
   MP:        It affects your magic capacity (+9).
   Rampage:   It bestows one free step when moving towards enemies.
 S - a +0 troll leather armour (worn)
Jewellery
 d - an amulet of faith
 h - an amulet of regeneration (around neck)
 l - a ring of protection from fire
 n - a +6 ring of intelligence (left hand)
 s - the ring of Luirch {rC+ Int+2}
   (You found it on level 3 of the Dungeon)

   [ring of protection from cold]

   Int:       It affects your intelligence (+2).
   rC:        It protects you from cold.
 L - a +4 ring of evasion (right hand)
 N - a +6 ring of dexterity
Wands
 c - a wand of charming (1)
 C - a wand of polymorph (5)
 U - a wand of digging (6)
Scrolls
 e - 12 scrolls of teleportation
 f - a scroll of enchant armour {unknown}
 i - 2 scrolls of magic mapping
 m - 2 scrolls of enchant weapon
 u - a scroll of immolation {unknown}
 I - 2 scrolls of holy word
 Q - 2 scrolls of fog
 V - a scroll of acquirement {unknown}
Potions
 a - a potion of haste {unknown}
 b - a potion of mutation {unknown}
 k - a potion of heal wounds {unknown}
 r - 2 potions of flight {unknown}
 t - a potion of lignification {unknown}
 z - 2 potions of brilliance {unknown}
 D - 3 potions of curing
 E - a potion of ambrosia {unknown}
 F - a potion of might {unknown}
 K - a potion of invisibility {unknown}


   Skills:
 + Level 1.8 Fighting
 + Level 1.2 Maces & Flails
 + Level 0.3 Throwing
 + Level 6.5 Armour
 + Level 4.4 Dodging
 + Level 3.9 Stealth
 + Level 0.3 Shields
 + Level 12.9 Spellcasting


You had 9 spell levels left.
You knew the following spells:

 Your Spells              Type           Power      Damage    Failure   Level
a - Foxfire               Conj/Fire      100%       2x1d9     0%          1
b - Scorch                Fire           100%       2d10      1%          2
c - Conjure Flame         Conj/Fire      79%        6-21      1%          3
d - Inner Flame           Hex/Fire       79%        N/A       1%          3
e - Flame Wave            Conj/Fire      79%        2d14      1%          4
f - Animate Skeleton      Necr           100%       N/A       0%          1
g - Wereblood             Tmut           79%        N/A       1%          2
h - Lesser Beckoning      Tloc           79%        N/A       1%          3
i - Animate Dead          Necr           39%        N/A       1%          4
j - Passage of Golubria   Tloc           79%        N/A       1%          4
Your spell library was empty.

Dungeon Overview and Level Annotations

Branches:
Dungeon (11/15)            Temple (1/1) D:6            Lair (0/6) D:8
    Orc (0/2) D:10          Sewer (visited)

Altars:
Ashenzari
Cheibriados
Dithmenos
Elyvilon
Fedhas
Gozag
Hepliaklqana
Kikubaaqudgha
Makhleb
Nemelex Xobeh
Okawaru
Qazlal
Ru
Sif Muna
Trog
Uskayaw
Vehumet
Wu Jian
Xom
Yredelemnul
Zin
The Shining One

Annotations:
D:6 3 runed translucent doors, DemonSlayer's ghost, novice DsFE


Innate Abilities, Weirdness & Mutations

You are immune to sickness and miasma.
You are immune to poison.
Your flesh is very heat resistant. (rF++)
You are vulnerable to cold. (rC-)
You float through the air rather than walking.
You learn spells naturally, not from books.
Your magical power is your life essence.
You have superior vitality. (+4 MHP)


Message History

Flames lash the two-headed ogre.
The two-headed ogre is lightly wounded.
The two-headed ogre's fire resistance burns away.
The skeletal warrior is engulfed in blazing flames.
Flame seeps out of the skeletal warrior.
The skeletal warrior barely misses you.
Casting: Scorch (safe; 1% risk of failure)
Confirm with . or Enter, or press ? or * to list all spells.
Casting: Flame Wave (safe; 1% risk of failure)
Press: ? - help, Dir - look around, f - activate A wave of flame ripples out! (Press . to intensify the flame waves.)
The skeletal warrior hits you from afar with a +0 glaive!
Casting: Flame Wave (safe; 1% risk of failure)
Confirm with . or Enter, or press ? or * to list all spells.
Restarting spell: Flame Wave (safe; 1% risk of failure)
Press: ? - help, Dir - look around, f - activate A wave of flame ripples out!
The flame wave engulfs the two-headed ogre!
The two-headed ogre is burned terribly!
The two-headed ogre is heavily wounded. (Press . to intensify the flame waves.)
The skeletal warrior hits you from afar with a +0 glaive!
The two-headed ogre hits you with a +0 giant spiked club!!
* * * LOW HITPOINT WARNING * * *
The two-headed ogre misses you. The skeletal warrior misses you.
The skeletal warrior is no longer more vulnerable to fire.
The two-headed ogre is no longer more vulnerable to fire.
A yak and a skeletal warrior come into view.
The yak bellows!
You hear two shouts!
The centaur shoots an arrow.
The arrow hits you.
* * * LOW HITPOINT WARNING * * *
Things that are here:
a +0 shortbow; 21 arrows You feel better.
The skeletal warrior hits you from afar with a +0 glaive!
* * * LOW HITPOINT WARNING * * *
The centaur shoots an arrow.
The arrow hits you!
You die...

..........###§.v........
..........##§v###.###..#
..........#.c##.....
............##....#..#
...........##.....##.c#
########..#......# .CO.
#..#.##z... #..
#§☼§c#Y.... .. #○@#.
#######.§#. .......Oz##.
..........##
........#..##
^........:..# .
........#...###....
........###.)(?#
........# #.#...#


You could see 2 skeletal warriors, a two-headed ogre, a yak and a centaur.

Vanquished Creatures
  A hydra (D:11)
  2 cyclopes
  An ugly thing (D:9)
  An elephant (D:8)
  A komodo dragon (D:11)
  A kobold demonologist (D:6)
  2 polar bears (D:10)
  2 trolls
  A meliai (shapeshifter) (D:10)
  2 wraiths
  A shadow (D:9)
  5 yaks
  3 wyverns
  2 steam dragons
  A basilisk (D:8)
  An acid dragon (D:10)
  4 water moccasins
  3 ice beasts
  Pargi (Sewer)
  5 orc warriors
  2 sky beasts (D:6)
  A necrophage (D:5)
  2 black bears (D:8)
  3 centaurs
  6 ogres
  2 wolves (D:10)
  2 phantoms
  2 bullfrogs
  5 kobold brigands
  A wyvern zombie (D:6)
  5 scorpions
  A howler monkey (D:5)
  4 wights (D:7)
  An electric eel (D:10)
  3 centaur zombies
  3 jellies
  A gnoll shaman (D:8)
  A bullfrog zombie (D:7)
  3 hounds
  5 orc priests
  2 centaur skeletons
  12 orc wizards
  3 iguanas
  A killer bee zombie (D:8)
  2 howler monkey zombies
  19 gnolls
  4 adders
  A river rat (D:3)
  A shadow imp (D:5)
  6 white imps
  3 ufetubi
  4 worms
  2 dart slugs
  39 orcs
  9 ball pythons
  10 bats
  5 endoplasms
  9 giant cockroaches
  7 goblins
  7 hobgoblins
  5 jackals
  36 kobolds
  10 quokkas
  4 frilled lizards
  6 rats
300 creatures vanquished.

Vanquished Creatures (others)
  1091 foxfires
  5 plants (D:4)
1096 creatures vanquished.

Grand Total: 1396 creatures vanquished

Notes
Turn   | Place    | Note
-------+----------+-------------------------------------------
     0 | D:1      | unlimited1921 the Djinni Fire Elementalist began the quest
                  | for the Orb.
     0 | D:1      | Reached XP level 1. HP: 15/15 MP: 0/0
   109 | D:1      | Reached XP level 2. HP: 14/21 MP: 0/0
   535 | D:1      | Reached skill level 3 in Spellcasting
   587 | D:1      | Reached XP level 3. HP: 19/25 MP: 0/0
   587 | D:1      | Learned a level 1 spell: Animate Skeleton
   976 | D:1      | Found a faded altar of an unknown god.
  1917 | D:2      | Reached XP level 4. HP: 27/31 MP: 0/0
  2201 | D:2      | Identified the +6 flail of Tension {vorpal, rPois rF++
                  | Dex-2 Stlth+}
  2825 | D:2      | Reached XP level 5. HP: 23/35 MP: 0/0
  2825 | D:2      | Learned a level 2 spell: Wereblood
  2942 | D:3      | Identified the ring of Luirch {rC+ Int+2}
  3441 | D:3      | Reached skill level 4 in Spellcasting
  3489 | D:3      | Found a glowing drain.
  3493 | Sewer    | Entered a sewer
  3513 | Sewer    | Noticed Pargi
  3517 | Sewer    | Killed Pargi
  3518 | Sewer    | Reached XP level 6. HP: 24/40 MP: 0/0
  3844 | D:4      | Reached skill level 5 in Spellcasting
  3973 | D:4      | Reached XP level 7. HP: 40/45 MP: 0/0
  3973 | D:4      | Learned a level 3 spell: Lesser Beckoning
  4620 | D:4      | Reached skill level 6 in Spellcasting
  4734 | D:4      | Reached XP level 8. HP: 41/50 MP: 0/0
  4910 | D:5      | Entered Level 5 of the Dungeon
  4961 | D:5      | Reached skill level 1 in Armour
  5009 | D:5      | Identified the +0 pair of gloves of the Teacher {Rampage
                  | rF- MP+9 Int+4}
  5164 | D:5      | Reached skill level 7 in Spellcasting
  5456 | D:5      | Reached skill level 1 in Maces & Flails
  5460 | D:5      | Reached XP level 9. HP: 39/56 MP: 0/0
  5460 | D:5      | Learned a level 4 spell: Animate Dead
  6374 | D:6      | Reached skill level 8 in Spellcasting
  6537 | D:6      | Noticed a kobold demonologist
  6540 | D:6      | Noticed a soul eater
  6544 | D:6      | Noticed an orange demon
  6544 | D:6      | Killed a kobold demonologist
  7020 | D:6      | Found a staircase to the Ecumenical Temple.
  7028 | D:6      | Reached skill level 9 in Spellcasting
  7369 | D:6      | Found a runed translucent gate.
  7369 | D:6      | Found a runed translucent gate.
  7369 | D:6      | Noticed a kobold demonologist
  7369 | D:6      | Noticed DemonSlayer's ghost (novice DsFE)
  7370 | D:6      | Found a runed translucent gate.
  7511 | Temple   | Entered the Ecumenical Temple
  7996 | Temple   | Became a worshipper of Qazlal Stormbringer
  8053 | D:7      | Reached XP level 10. HP: 54/61 MP: 0/0
  8155 | D:7      | Noticed a cyclops
  8164 | D:7      | Killed a cyclops
  8165 | D:7      | Reached skill level 10 in Spellcasting
  8994 | D:8      | Found a snail-covered altar of Cheibriados.
  9014 | D:8      | Noticed an elephant
  9027 | D:8      | Killed an elephant
  9030 | D:8      | Reached * piety under Qazlal
  9078 | D:8      | Found a staircase to the Lair.
  9283 | D:8      | Reached skill level 11 in Spellcasting
  9654 | D:8      | Reached XP level 11. HP: 60/66 MP: 0/0
  9654 | D:8      | Learned a level 4 spell: Passage of Golubria
  9909 | D:9      | Reached skill level 5 in Armour
  9983 | D:9      | Noticed a cyan ugly thing
  9990 | D:9      | Killed a cyan ugly thing
  9991 | D:9      | Reached skill level 1 in Fighting
 10692 | D:9      | Reached skill level 12 in Spellcasting
 11039 | D:10     | Entered Level 10 of the Dungeon
 11093 | D:10     | Found a staircase to the Orcish Mines.
 11536 | D:10     | Reached ** piety under Qazlal
 12641 | D:11     | Reached *** piety under Qazlal
 12642 | D:11     | Noticed a six-headed hydra
 12646 | D:11     | Noticed a cyclops
 12648 | D:11     | Killed a six-headed hydra
 12648 | D:11     | Noticed a two-headed ogre
 12649 | D:11     | Reached XP level 12. HP: 53/74 MP: 0/0
 12671 | D:11     | Noticed a skeletal warrior
 12686 | D:11     | Noticed a skeletal warrior
 12687 | D:11     | Shot with an arrow by a centaur

Illustrated notes

Levels and vault maps discovered:
D:1:      saegor_arrival_miasma, layout_rooms, ebering_ecumenical_altar_rust,
          hex_medium, st_stairs_14, minmay_vboxes
D:2:      layout_basic, chequers_serial_rivers_micro_c,
          kennysheep_generic_room_10
D:3:      layout_loops_cross, gup_sewer_entry_spiral, chequers_decorated_corner,
          corexii_corridor_pit
D:4:      layout_loops_ring, nicolae_grassy_gnolls
D:5:      layout_layer_cave
D:6:      layout_loops_ring, minmay_temple_entry_statues_fountains,
          gammafunk_ghost_nasty_kobolds, grunt_potential
D:7:      layout_basic
D:8:      layout_gridville, kennysheep_slug_shrine, david_lair_generic,
          minivault_22, minmay_microvault
D:9:      layout_cave_pods
D:10:     layout_roguey [special_room_orc], orc_0_dummy, serial_ice,
          serial_ice_e, serial_ice_i, serial_ice_h, serial_ice_d
D:11:     minmay_the_grid_octo_tiled_octocenter_mashed
          [minmay_the_grid_octo_tetromino_candy, minmay_the_grid_octo_shrine,
          minmay_the_grid_octo_chip, minmay_the_grid_octo_checkerflower,
          minmay_the_grid_octo_prize_single_spiral,
          minmay_the_grid_square_5x5_broken_cross,
          minmay_the_grid_square_5x5_checkered_statues,
          minmay_the_grid_square_5x5_v, minmay_the_grid_square_5x5_shrine1],
          layout_small_grid, serial_shops, kennysheep_mini_moat
Temple:   compressed_dpeg_triangle_lava_temple

Skill      XL: |  1  2  3  4  5  6  7  8  9 10 11 |
---------------+----------------------------------+-----
Spellcasting   | 3 4 5 6 7 9 11 12 | 12.9
Stealth        | 2 3 |  3.9
Armour         | 1 3 4 6 |  6.5
Maces & Flails | 1 |  1.2
Dodging        | 3 4 |  4.4
Fighting       | 1 |  1.8
Throwing       | |  0.3
Shields        | |  0.3

Action                   |  1- 3 |  4- 6 |  7- 9 | 10-12 || total
-------------------------+-------+-------+-------+-------++-------
Melee: Flail             |       |     1 |    13 |     6 ||    20
       Punch             |       |       |     1 |       ||     1
Throw: Boomerang         |       |       |       |     3 ||     3
 Cast: Foxfire           |    73 |    85 |   215 |   284 ||   657
       Scorch            |     9 |    53 |    37 |    50 ||   149
       Animate Skeleton  |     1 |       |       |       ||     1
       Inner Flame       |       |     8 |    36 |    59 ||   103
       Conjure Flame     |       |       |     2 |       ||     2
       Flame Wave        |       |       |     3 |     8 ||    11
       Lesser Beckoning  |       |       |     1 |     1 ||     2
       Animate Dead      |       |       |     1 |       ||     1
  Use: Scroll            |       |     1 |     4 |     7 ||    12
       Potion            |       |       |       |     2 ||     2
Armor: Robe              |     2 |     3 |       |       ||     5
       Leather armour    |       |       |    13 |       ||    13
       Troll leather arm |       |       |       |    20 ||    20
       Ring mail         |       |       |       |     2 ||     2
Dodge: Dodged            |     2 |    14 |    33 |    86 ||   135
Block: Other             |       |       |       |     7 ||     7
